 Dungeon Crawl Stone Soup version 0.25-a0-549-g6e6e6501ad (webtiles) character file.

Game seed: 3804712265995871288, levelgen mode: deterministic

623 BeastOfSaturn the Charmwright (level 7, -3/55 HPs)
             Began as a Purple Draconian Skald on Feb 23, 2020.
             Killed by divine providence
             ... invoked by an orc priest
              (9 damage)
             ... on level 4 of the Dungeon.
             The game lasted 00:18:26 (4771 turns).

BeastOfSaturn the Charmwright (DrSk)                Turns: 4771, Time: 00:18:26

Health: -3/55      AC:  6    Str: 14    XL:     7   Next: 22%
Magic:  4/12       EV: 13    Int: 15    God:
Gold:   181        SH:  0    Dex: 10    Spells: 4/13 levels left

rFire    . . .     SeeInvis .   b - +2 short sword (venom)
rCold    + . .     Gourm    .   (no shield)
rNeg     . . .     Faith    .   (armour unavailable)
rPois    .         Spirit   .   (helmet restricted)
rElec    .         Reflect  .   (no cloak)
rCorr    .         Harm     .   (no gloves)
MR       +....                  (no boots)
Stlth    +.........             (no amulet)
HPRegen  0.18/turn              n - ring of protection from cold
MPRegen  0.13/turn              (no ring)

@: short of breath
A: breathe power, unfitting armour, cold-blooded, AC +6
a: Breathe Dispelling Energy


You were on level 4 of the Dungeon.
You were not hungry.

You visited 1 branch of the dungeon, and saw 4 of its levels.

You collected 181 gold pieces.

Inventory:

Hand Weapons
 a - a +0 falchion
 b - a +2 short sword of venom (weapon)
Missiles
 i - 3 throwing nets (quivered)
Jewellery
 l - a cursed amulet of inaccuracy {unknown}
 n - a ring of protection from cold (left hand)
Scrolls
 h - a scroll of enchant weapon
 m - 2 scrolls of remove curse
Potions
 d - a potion of might {unknown}
 f - 2 potions of stabbing {unknown}
 j - a potion of degeneration {unknown}
 k - 2 potions of lignification {unknown}
Comestibles
 c - 7 rations


   Skills:
 - Level 2.1 Fighting
 - Level 3.2(4.3) Short Blades
 * Level 4.3(4.8) Long Blades
 + Level 3.2 Dodging
 - Level 0.3 Stealth
 - Level 3.6 Spellcasting
 * Level 5.6 Charms
 + Level 0.7 Ice Magic


You had 4 spell levels left.
You knew the following spells:

 Your Spells              Type           Power        Failure   Level  Hunger
a - Infusion              Chrm           ###.         1%          1    None
b - Song of Slaying       Chrm           ###.....     2%          2    ##.....
c - Spectral Weapon       Hex/Chrm       ##......     19%         3    ###....
d - Ozocubu's Armour      Chrm/Ice       ##......     16%         3    ###....

Your spell library contained the following spells:

 Spells                   Type           Power        Failure   Level  Hunger
 Shroud of Golubria       Chrm/Tloc      ##....       9%          2    ##.....


Dungeon Overview and Level Annotations

Branches:
Dungeon (4/15)
 Temple: D:4-7

Altars:
Elyvilon
Makhleb
Nemelex Xobeh
Okawaru
Sif Muna
Trog

Annotations:
D:2 Sigmund
D:3 1 runed translucent door, Crazy Yiuf


Innate Abilities, Weirdness & Mutations

You can breathe bolts of dispelling energy.
Your rich purple scales are hard. (AC +6)
You cannot fit into any form of body armour.
You are cold-blooded and may be slowed by cold attacks.


Message History

Okay, then.
Press: ? - help, Shift-Dir - straight line, f - orc priest
Aim: an orc priest, wielding a +0 morningstar You breathe a bolt of dispelling energy.
The bolt of dispelling energy misses the orc priest.
The bolt of dispelling energy hits the orc priest!
The orc priest is heavily wounded.
You feel somewhat more hungry.
The orc shouts!
The orc priest invokes the aid of Beogh against you.
Beogh smites you!
You hit the orc priest!
The orc priest is poisoned.
The orc priest is severely wounded.
The orc priest mumbles some strange prayers to Beogh against you.
Pain shoots through your body!
* * * LOW HITPOINT WARNING * * *
You are no longer magically infusing your attacks.
The orc priest invokes the aid of Beogh against you.
Beogh smites you!
You die...

#.# #.# #.# #.#
########### #.#
#.........#
###'###.........#
#...†...........#
#...............#
#........@.o.o..#
#.............o...
#.........)....o..
#.................
#.........##+#####
#..........
##########.. ...


You could see 2 orc priests and 2 orcs.

Vanquished Creatures
  An ogre (D:4)
  A phantom (D:4)
  4 scorpions (D:4)
  A hound (D:4)
  Natasha (thrice) (D:3)
  Robin (D:2)
  2 adders
  An ooze (D:2)
  2 worms
  2 dart slugs (D:1)
  2 leopard geckos (D:2)
  8 orcs
  3 giant cockroaches
  21 goblins
  9 hobgoblins
  4 jackals (D:1)
  A quokka (D:4)
  9 bats
  6 frilled lizards
  15 kobolds
  8 rats
104 creatures vanquished.

Notes
Turn   | Place    | Note
-------+----------+-------------------------------------------
     0 | D:1      | BeastOfSaturn the Draconian Skald began the quest for the
                  | Orb.
     0 | D:1      | Reached XP level 1. HP: 17/17 MP: 3/3
   439 | D:1      | Reached skill level 3 in Charms
   566 | D:1      | Reached XP level 2. HP: 24/24 MP: 5/5
  1242 | D:1      | Reached XP level 3. HP: 29/29 MP: 6/6
  1900 | D:2      | Noticed Robin
  1924 | D:2      | Killed Robin
  2282 | D:2      | Learned a level 2 spell: Song of Slaying
  2287 | D:2      | Learned a level 3 spell: Spectral Weapon
  2512 | D:2      | Found a white marble altar of Elyvilon.
  2571 | D:2      | Noticed Sigmund
  2584 | D:2      | Reached XP level 4. HP: 35/36 MP: 7/7
  2975 | D:2      | Found an iron altar of Okawaru.
  3263 | D:3      | Noticed Natasha
  3272 | D:3      | Killed Natasha
  3276 | D:3      | Noticed Natasha
  3282 | D:3      | Killed Natasha
  3282 | D:3      | Reached skill level 1 in Short Blades
  3282 | D:3      | Reached XP level 5. HP: 29/41 MP: 8/8
  3405 | D:3      | Found a runed translucent door.
  3406 | D:3      | Noticed Crazy Yiuf
  3490 | D:3      | Noticed Natasha
  3491 | D:3      | Found a faded altar of an unknown god.
  3497 | D:3      | Killed Natasha
  3702 | D:3      | Found a bloodstained altar of Trog.
  4109 | D:4      | Reached XP level 6. HP: 38/48 MP: 7/9
  4142 | D:4      | Found a shimmering blue altar of Sif Muna.
  4143 | D:4      | Found a burning altar of Makhleb.
  4153 | D:4      | Found a sparkling altar of Nemelex Xobeh.
  4196 | D:4      | Reached skill level 4 in Charms
  4375 | D:4      | Learned a level 3 spell: Ozocubu's Armour
  4503 | D:4      | Noticed a two-headed ogre
  4752 | D:4      | Your scales start taking on a rich purple colour.
  4752 | D:4      | Reached skill level 5 in Charms
  4752 | D:4      | Reached XP level 7. HP: 49/55 MP: 6/12
  4771 | D:4      | Killed from afar by an orc priest

Levels and vault maps discovered:
D:1:      erik_arrival_triangle_huge, layout_basic
D:2:      layout_basic, elyvilon_altar_3, okawaru_altar_gauntlet_db,
          minmay_octomino_c4, uniq_robin, uniq_sigmund
D:3:      layout_basic, chequers_ecumenical_altar_island, trog_hazing_becter,
          uniq_crazy_yiuf_cottage, uniq_natasha
D:4:      layout_basic, nemelex_xobeh_ov_fountains_minmay,
          gammafunk_temple_overflow_statue, minmay_temple_entry_junction_2,
          first_ration

Skill      XL: |  1  2  3  4  5  6 |
---------------+-------------------+-----
Charms         | 3 5 |  5.6
Long Blades    | 3 4 |  4.3
Short Blades   | 1 2 3 |  3.2
Dodging        | 3 |  3.2
Spellcasting   | 3 |  3.6
Fighting       | |  2.1
Stealth        | |  0.3
Ice Magic      | |  0.7

Action                   |  1- 3 |  4- 6 |  7- 9 || total
-------------------------+-------+-------+-------++-------
Melee: Falchion          |   102 |       |       ||   102
       Tailslap          |    13 |    14 |       ||    27
       Short sword       |    12 |   142 |     7 ||   161
 Cast: Infusion          |     8 |     4 |       ||    12
       Song of Slaying   |       |     2 |       ||     2
       Ozocubu's Armour  |       |     4 |       ||     4
 Abil: Breathe Dispellin |       |       |     1 ||     1
  Use: Potion            |     1 |       |       ||     1
       Scroll            |       |     7 |       ||     7
  Eat: Chunk             |     4 |     4 |       ||     8
       Ration            |     1 |     1 |       ||     2
Armor: Skin              |    48 |    49 |     1 ||    98
Dodge: Dodged            |   104 |   112 |     4 ||   220
       Rpst.: Falchion   |    24 |       |       ||    24

Table legend:
 A = Non-vault XP
 B = Vault XP
 C = Vault XP percentage of total XP
 D = Non-vault monster count
 E = Vault monster count
 F = Vault count percentage of total count
                 A         B        C        D         E       F
            +---------+---------+-------+---------+---------+-------
      Total |     776 |     115 |  12.9 |      74 |      30 |  28.8
            +---------+---------+-------+---------+---------+-------
        D:1 |      47 |       0 |   0.0 |      27 |       0 |   0.0
        D:2 |      40 |      68 |  63.0 |      18 |      23 |  56.1
        D:3 |      96 |      47 |  32.9 |      15 |       7 |  31.8
        D:4 |     593 |       0 |   0.0 |      14 |       0 |   0.0
            +---------+---------+-------+---------+---------+-------
